 Dungeon Crawl Stone Soup version 0.31-a0-198-g2ad674f65e (webtiles) character file.

Game seed: 236093920118761965

47 qw the Shooter (level 3, 0/20 HPs)
             Began as a Deep Elf Hunter on June 25, 2023.
             Succumbed to their own poison gas
             ... on level 2 of the Dungeon.
             The game lasted 00:00:25 (1223 turns).

qw the Shooter (Deep Elf Hunter)                    Turns: 1223, Time: 00:00:26

Health: 0/20       AC:  6    Str: 10    XL:     3   Next: 48%
Magic:  5/5        EV: 11    Int: 13    God:
Gold:   197        SH:  0    Dex: 18    Spells: 2/2 levels left

rFire   . . .        Y - +1 shortbow
rCold   . . .        (shield currently unavailable)
rNeg    . . .        a - +0 ring mail
rPois   .            (no helmet)
rElec   .            (no cloak)
rCorr   .            e - +0 pair of gloves
SInv    .            (no boots)
Will    .....        d - amulet of faith
Stlth   +            (no ring)
HPRegen 0.23/turn    (no ring)
MPRegen 0.09/turn

%: faith
@: lethally poisoned (0 -> -4)
A: no striking features
a: no special abilities


You were on level 2 of the Dungeon.
You visited 1 branch of the dungeon, and saw 2 of its levels.

You collected 197 gold pieces.


   Skills:
 - Level 1.5 Fighting
 + Level 7.0 Ranged Weapons
 - Level 2.4 Dodging
 - Level 1.2 Stealth


You had 2 spell levels left.
You didn't know any spells.
Your spell library was empty.

Inventory:

Hand Weapons
 Y - a +1 shortbow (weapon)
Armour
 a - a +0 ring mail (worn)
 e - a +0 pair of gloves (worn)
Jewellery
 d - an amulet of faith (around neck)
Potions
 c - a potion of might {unknown}
 f - a potion of mutation {unknown}
 g - a potion of curing {unknown}

Dungeon Overview and Level Annotations

Branches:
Dungeon (2/15)

Altars:

Annotations:
D:1 2 runed translucent doors


Message History

You start putting on your armour.
You continue putting on your +0 pair of gloves. x4
You finish putting on your +0 pair of gloves.
Done exploring.
1213 ||| UPGRADING to amulet of faith.
You start putting on your amulet.
You continue putting on your amulet of faith. x5
You finish putting on your amulet of faith.
You feel a strange surge of divine interest.
d - an amulet of faith (around neck) Done exploring.
1218 ||| READING scroll labelled TAMACV CURU.
The air fills with toxic fumes!
As you read the scroll labelled TAMACV CURU, it crumbles to dust.
It was a scroll of poison.
Done exploring.
(D) Dungeon
Where to? (* - list waypoints, Enter - D:2, ? - help)
What level of the Dungeon? (default 1, ? - help) Sorry, I don't know how to get there.
Enter note:
Enter note:
Enter note:
Enter note:
Enter note:
Enter note:
Enter note:
Enter note:
Enter note: Really walk into that cloud of poison gas?
You are engulfed in poison gas.
You are poisoned.
You feel very sick.
1220 ||| Stepping ~*~*~tactically~*~*~ (cloud).
You feel very sick.
There is a lethal amount of poison in your body!
You feel sick.
There is a lethal amount of poison in your body!
You feel sick.
There is a lethal amount of poison in your body!
You die...

#### #..# #..# #..#
#..########### #######
#............# #..>...
#######.##########.# ### #.#####
.....<..##########¤###¤####.#####
#######...¤0¤¤¤¤@00¤¤¤#..........
#.##########0###¤¤###.#####
#.##########.###..###.# #
#######..........<....>...#.# #
..........#######.#.##.)#.#.# #
#######.#.# ##.###.#......#####
#.#.# #.## ##.......##...
#######.#.# ##.###.#.....###...
........#.# ##.#.##.......#...


There were no monsters in sight!

Vanquished Creatures
  3 worms (D:2)
  A dart slug (D:2)
  4 bats (D:1)
  3 endoplasms
  2 goblins (D:1)
  5 hobgoblins (D:1)
  A quokka (D:1)
  4 ball pythons
  3 frilled lizards (D:1)
  3 kobolds
  7 rats
36 creatures vanquished.

Notes
Turn   | Place    | Note
-------+----------+-------------------------------------------
     0 | D:1      | qw the Deep Elf Hunter began the quest for the Orb.
     0 | D:1      | Reached XP level 1. HP: 12/12 MP: 3/3
     0 | D:1      | 0 ||| qw: Version: 0.3-a-22-g0ed2b0b
     0 | D:1      | 0 ||| qw: Game counter: 5048
     0 | D:1      | 0 ||| qw: Melee chars always use a shield: true
     0 | D:1      | 0 ||| qw: God list: Okawaru
     0 | D:1      | 0 ||| qw: Allow faded altars: false
     0 | D:1      | 0 ||| qw: Do Orc after clearing Dungeon:15 true
     0 | D:1      | 0 ||| qw: Do second Lair branch before Depths: true
     0 | D:1      | 0 ||| qw: Lair rune preference: random
     0 | D:1      | 0 ||| qw: Goals: Normal
     0 | D:1      | 0 ||| PLANNING D:1-11
    57 | D:1      | Found a large runed translucent door.
    57 | D:1      | Found a large runed translucent door.
    68 | D:1      | You fall into a shaft and drop 1 floor!
    75 | D:2      | Reached skill level 6 in Ranged Weapons
    75 | D:2      | Reached XP level 2. HP: 16/16 MP: 4/4
   163 | D:2      | Found a faded altar of an unknown god.
   213 | D:2      | 213 ||| READING scroll labelled MAIWUQ OGYSOETY.
   214 | D:2      | 214 ||| READING scroll labelled VUUMNO PIASCHUC.
   218 | D:2      | 218 ||| READING scroll labelled TAGOUP MEUL ETAOL.
   219 | D:2      | 219 ||| READING scroll labelled ORRAURR OGEPESIO.
   220 | D:2      | 220 ||| DROPPING scroll of butterflies.
   322 | D:1      | Reached XP level 3. HP: 20/20 MP: 5/5
   762 | D:1      | 762 ||| UPGRADING to +0 ring mail.
   772 | D:1      | 772 ||| DROPPING +0 leather armour.
   773 | D:1      | 773 ||| READING scroll labelled FIUSUE AMMYU.
   819 | D:2      | Reached skill level 7 in Ranged Weapons
  1208 | D:2      | 1208 ||| UPGRADING to +0 pair of gloves.
  1213 | D:2      | 1213 ||| UPGRADING to amulet of faith.
  1218 | D:2      | 1218 ||| READING scroll labelled TAMACV CURU.
  1220 | D:2      | 1220 ||| Stepping ~*~*~tactically~*~*~ (cloud).
  1220 | D:2      | HP: 5/20 [poisoned by you (poison gas)]
  1222 | D:2      | HP: 1/20 [poisoned by you (poison gas)]
  1223 | D:2      | Succumbed to their own poison gas

Levels and vault maps discovered:
D:1:      erik_arrival_cave_to_civilisation [erik_arrival_cave_to_temple],
          layout_rooms
D:2:      layout_loops_ring, shapermc_ecumenical_altar_rom_forum,
          grunt_ministairs_9

Skill      XL: |  1  2  3 |
---------------+----------+-----
Ranged Weapons | 6 7 |  7.0
Fighting       | |  1.5
Dodging        | |  2.4
Stealth        | |  1.2

Action                     || total
---------------------------++-------
   Fire: Shortbow          ||    76
    Use: Scroll            ||     6
 Armour: Leather armour    ||     1
         Ring mail         ||     1
  Dodge: Dodged            ||    12

Table legend:
 A = Non-vault XP
 B = Vault XP
 C = Vault XP percentage of total XP
 D = Non-vault monster count
 E = Vault monster count
 F = Vault count percentage of total count
                 A         B        C        D         E       F
            +---------+---------+-------+---------+---------+-------
      Total |      58 |      10 |  14.7 |      32 |       4 |  11.1
            +---------+---------+-------+---------+---------+-------
        D:1 |      33 |       4 |  10.8 |      22 |       2 |   8.3
        D:2 |      25 |       6 |  19.4 |      10 |       2 |  16.7
            +---------+---------+-------+---------+---------+-------
